 Dungeon Crawl Stone Soup version 0.28-a0-1159-g27aa881441 (webtiles) character file.

Game seed: 5080819057626038595

259 Ijustatesigmund the Skirmisher (level 6, -4/40 HPs)
             Began as a Gargoyle Fighter on Dec 15, 2021.
             Slain by a yak (13 damage)
             ... on level 4 of the Dungeon.
             The game lasted 00:03:52 (3059 turns).

Ijustatesigmund the Skirmisher (Gargoyle Fighter)   Turns: 3059, Time: 00:03:53

Health: -4/40      AC: 13    Str: 26    XL:     6   Next: 17%
Magic:  6/6        EV:  8    Int: 16    God:
Gold:   137        SH:  4    Dex:  9    Spells: 5/5 levels left

rFire   . . .      SeeInvis .   a - +0 flail
rCold   . . .      Faith    .   c - +0 buckler
rNeg    + . .      Spirit   .   b - +0 chain mail
rPois   ∞          Reflect  .   (no helmet)
rElec   +          Harm     .   (no cloak)
rCorr   .          Rampage  .   (no gloves)
Will    .....                   (no boots)
Stlth   ..........              (no amulet)
HPRegen 0.13/turn               f - +6 ring of intelligence
MPRegen 0.10/turn               i - +6 ring of strength

@: mighty
A: sickness immunity, AC +4, negative energy resistance 1, electricity
resistance, torment resistance 1, petrification resistance
a: no special abilities


You were on level 4 of the Dungeon.
You visited 1 branch of the dungeon, and saw 4 of its levels.

You collected 137 gold pieces.

Inventory:

Hand Weapons
 a - a +0 flail (weapon)
Armour
 b - a +0 chain mail (worn)
 c - a +0 buckler (worn)
Jewellery
 e - a ring of positive energy
 f - a +6 ring of intelligence (left hand)
 h - a ring of fire
 i - a +6 ring of strength (right hand)
Wands
 j - a wand of iceblast (8)
Potions
 d - a potion of might
 g - 2 potions of flight


   Skills:
 + Level 5.0 Fighting
 + Level 4.7 Maces & Flails
 + Level 4.0 Armour
 - Level 3.2 Shields


You had 5 spell levels left.
You didn't know any spells.
Your spell library was empty.

Dungeon Overview and Level Annotations

Branches:
Dungeon (4/15)
 Temple: D:4-7

Altars:
Dithmenos
Ru

Shops:
D:1 =


Innate Abilities, Weirdness & Mutations

You are immune to sickness and miasma.
Your stone body is resilient. (AC +4)
You are immune to poison.
You resist negative energy. (rN+)
You are resistant to electric shocks. (rElec)
You are resistant to unholy torment.
You are immune to petrification.


Message History

The mass of ice explodes!
The iceblast engulfs the yak!
The yak is almost dead.
You feel very mighty all of a sudden.
You hit the yak.
The yak is almost dead.
The yak gores you but does no damage. The yak gores you!
You hit the yak.
The yak is almost dead.
The yak closely misses you.
A howler monkey skeleton comes into view.
You closely miss the yak.
The yak is almost dead.
A yak comes into view.
The yak gores you but does no damage.
The yak bellows!
You sock the yak!
You kill the yak!
You hear a bellow!
You hear a shout!
An endoplasm comes into view.
Your Fighting skill increases to level 5!
Your Armour skill increases to level 4!
You have reached level 6!
You thump the yak!
The yak is moderately wounded.
The yak gores you but does no damage.
A yak comes into view.
You sock the yak!
The yak is heavily wounded.
The yak gores you.
A yak comes into view.
The yak gores you.
You barely miss the yak.
The yak is heavily wounded.
The yak gores you!
* * * LOW HITPOINT WARNING * * *
You hit the yak.
The yak is heavily wounded.
A goblin comes into view. It is wielding a +0 club.
The yak gores you!
You die...

..........#.###..#
#.g.........##...#
.....##..##......#
..##Y....##.....##
. #.Y..##....###
..#...J#......#
#.[.(..SY.....##
...###.#Y###.##
.## ###@# ### ###


You could see 4 yaks, an endoplasm, a goblin and a ball python.

Vanquished Creatures
  A yak (D:4)
  5 adders
  2 adder skeletons (D:4)
  A dart slug (D:2)
  An orc (D:3)
  2 bats
  5 endoplasms
  6 goblins
  9 hobgoblins
  4 jackals (D:1)
  2 quokkas
  7 ball pythons
  2 frilled lizards (D:3)
  7 kobolds
  5 rats
59 creatures vanquished.

Notes
Turn   | Place    | Note
-------+----------+-------------------------------------------
     0 | D:1      | Ijustatesigmund the Gargoyle Fighter began the quest for
                  | the Orb.
     0 | D:1      | Reached XP level 1. HP: 14/14 MP: 1/1
    63 | D:1      | Reached XP level 2. HP: 19/19 MP: 2/2
   490 | D:1      | Found Wogajote's Jewellery Emporium.
   737 | D:1      | Reached XP level 3. HP: 24/24 MP: 3/3
   796 | D:1      | Found a faded altar of an unknown god.
  1964 | D:3      | Found a sacrificial altar of Ru.
  1968 | D:3      | Reached skill level 4 in Fighting
  2067 | D:3      | Reached XP level 4. HP: 29/29 MP: 4/4
  2241 | D:3      | Found a shadowy altar of Dithmenos.
  2935 | D:4      | Reached XP level 5. HP: 33/34 MP: 5/5
  3034 | D:4      | Noticed a yak
  3035 | D:4      | Noticed a yak
  3054 | D:4      | Noticed a yak
  3055 | D:4      | Killed a yak
  3056 | D:4      | Reached skill level 5 in Fighting
  3056 | D:4      | Reached XP level 6. HP: 29/40 MP: 6/6
  3056 | D:4      | Noticed a yak
  3057 | D:4      | Noticed a yak
  3059 | D:4      | Slain by a yak

Illustrated notes

Levels and vault maps discovered:
D:1:      lightli_arrival_isolated_outpost, layout_rooms, serial_shops,
          nicolae_diamond_shop, ebering_ecumenical_altar_box
D:2:      layout_loops_corners
D:3:      layout_loops_cross, nicolae_dithmenos_through_a_glass_darkly,
          old_standard_altar, minivault_26
D:4:      layout_cave_pools, uniq_grinder

Skill      XL: |  1  2  3  4  5 |
---------------+----------------+-----
Maces & Flails | 3 4 |  4.7
Fighting       | 4 5 |  5.0
Armour         | 4 |  4.0
Shields        | |  3.2

Action                   |  1- 3 |  4- 6 || total
-------------------------+-------+-------++-------
Melee: Flail             |   115 |    87 ||   202
Evoke: Wand              |       |     3 ||     3
  Use: Scroll            |       |     2 ||     2
       Potion            |       |     1 ||     1
Armor: Scale mail        |    76 |       ||    76
       Chain mail        |    10 |    42 ||    52
Dodge: Dodged            |    71 |    28 ||    99
Block: Buckler           |    30 |    14 ||    44

Table legend: (Time is in decaauts)
 A = Elapsed time spent in this place.
 B = Non-inter-level travel time spent in this place.
 C = Inter-level travel time spent in this place.
 D = Time resting spent in this place.
 E = Time spent auto-exploring this place.
 F = Levels seen in this place.
 G = Mean time per level.
                   A        B        C        D        E       F      G
               +--------+--------+--------+--------+--------+-----+--------+
         Total |   3113 |   3021 |     92 |    654 |   1890 |   4 |  778.2 |
       Dungeon |   3113 |   3021 |     92 |    654 |   1890 |   4 |  778.2 |
               +--------+--------+--------+--------+--------+-----+--------+

Top non-repeatable levels by time:
     D:2: 1011 daAuts
     D:1: 973 daAuts
     D:3: 827 daAuts
     D:4: 301 daAuts
